 Dungeon Crawl Stone Soup version 0.27.0-1-g7a089689b8 (webtiles) character file.

Game seed: 13148566073329693093

2 Gnirx the Digger (level 1, -2/10 HPs)
             Began as a Gargoyle Earth Elementalist on Aug 13, 2021.
             Slain by a goblin (4 damage)
             ... on level 1 of the Dungeon.
             The game lasted 00:00:33 (309 turns).

Gnirx the Digger (Gargoyle Earth Elementalist)       Turns: 309, Time: 00:00:34

Health: -2/10      AC:  5    Str: 11    XL:     1   Next: 40%
Magic:  3/3        EV: 11    Int: 15    God:
Gold:   26         SH:  0    Dex: 10    Spells: 3/4 levels left

rFire    . . .     SeeInvis .   (no weapon)
rCold    . . .     Faith    .   (no shield)
rNeg     + . .     Spirit   .   b - +0 robe
rPois    ∞         Reflect  .   (no helmet)
rElec    +         Harm     .   e - +0 cloak
rCorr    .         Rampage  .   (no gloves)
Will     .....                  (no boots)
Stlth    ++........             (no amulet)
HPRegen  0.03/turn              (no ring)
MPRegen  0.08/turn              (no ring)

@: no status effects
A: sickness immunity, AC +2, negative energy resistance 1, electricity
resistance, torment resistance 1, petrification resistance
a: no special abilities


You were on level 1 of the Dungeon.
You visited 1 branch of the dungeon, and saw 1 of its levels.

You collected 26 gold pieces.

Inventory:

Missiles
 c - 54 stones
Armour
 b - a +0 robe (worn)
 e - a +0 cloak (worn)
Magical Staves
 a - a staff of cold
Scrolls
 d - 2 scrolls of enchant armour {unknown}


   Skills:
 - Level 1.5 Dodging
 - Level 2.1 Stealth
 + Level 2.1 Spellcasting
 - Level 0.7 Transmutations
 + Level 3.7 Earth Magic


You had 3 spell levels left.
You knew the following spells:

 Your Spells              Type           Power      Damage    Failure   Level
a - Sandblast             Erth           24%        2d8       4%          1

Your spell library contained the following spells:

 Spells                   Type           Power      Damage    Failure   Level
 Passwall                 Tmut/Erth      6%         N/A       13%         2
 Stone Arrow              Conj/Erth      14%        3d7       30%         3
 Petrify                  Tmut/Erth      8%         N/A       65%         4


Dungeon Overview and Level Annotations

Branches:
Dungeon (1/15)

Altars:

Shops:
D:1 !


Innate Abilities, Weirdness & Mutations

You are immune to sickness and miasma.
Your stone body is resilient. (AC +2)
You are immune to poison.
You resist negative energy. (rN+)
You are resistant to electric shocks. (rElec)
You are resistant to unholy torment.
You are immune to petrification.


Message History

The ball python bites you but does no damage.
The ball python barely misses you.
The ball python bites you but does no damage.
The ball python barely misses you.
You barely miss the ball python. The ball python misses you.
The ball python closely misses you.
You hit the ball python.
You kill the ball python!
No target in view!
You now have 26 gold pieces (gained 8).
d - 2 scrolls labelled DIJEOLLI CURPH (gained 1)
A goblin comes into view. It is wielding a +0 club.
The goblin shouts!
A rat comes into view.
You see here 11 gold pieces.
You see here a scroll labelled BISAMP YTTUOTE.
The rat bites you.
You hit the rat.
The rat is heavily wounded.
The rat bites you but does no damage.
You hit the rat but do no damage.
The rat is heavily wounded.
The rat bites you.
You hit the rat.
You kill the rat!
You hit the goblin but do no damage. The goblin closely misses you.
You closely miss the goblin. The goblin hits you but does no damage.
You barely miss the goblin. The goblin closely misses you.
You closely miss the goblin. The goblin hits you with a +0 club.
You hit the goblin.
The goblin is heavily wounded.
The goblin hits you with a +0 club.
You hit the goblin but do no damage.
The goblin is heavily wounded.
The goblin hits you with a +0 club.
* * * LOW HITPOINT WARNING * * *
You barely miss the goblin.
The goblin is heavily wounded.
The goblin hits you with a +0 club.
You die...

##................#.......#....
##...............#>......#...#
######.#####....###...###....
...# #.#.............#. #..###
###.............## #..#
###...###...## #.#
##...###.###.. #.
###.$........... #
#@g?....#..##.#
#.........##.∩......
..##.###.###.....#.## .. #...
...g...... #.. #.######.#.####
#. .. .#.# # ... .# # .#..


You could see a goblin.

Vanquished Creatures
  2 ball pythons (D:1)
  A rat (D:1)
3 creatures vanquished.

Notes
Turn   | Place    | Note
-------+----------+-------------------------------------------
     0 | D:1      | Gnirx the Gargoyle Earth Elementalist began the quest for
                  | the Orb.
     0 | D:1      | Reached XP level 1. HP: 10/10 MP: 3/3
   242 | D:1      | Found Jeapharch's Distillery.
   309 | D:1      | Slain by a goblin

Illustrated notes

Levels and vault maps discovered:
D:1:      minmay_arrival_open_corners, layout_rooms, serial_shops, shop,
          ebering_ecumenical_altar_mist, hangedman_abyss_or_decor_lesser_grid,
          minmay_indecisive_spiral

Action                   || total
-------------------------++-------
Melee: Unarmed           ||    14
 Cast: Sandblast         ||     1
Armor: Robe              ||     5
Dodge: Dodged            ||     8
